Map: Ever Dream LE

Players

Serral - Winner!

  • Race: Zerg Zerg
  • League: Grandmaster
  • Spawn Location: 7:00

AGOElazer (Elazer)

  • Race: Zerg Zerg
  • League: Master
  • Spawn Location: 1:00

Event: Shopify TSL 5

VOD

Have the link to the VOD?

Description

Time

  • Played on: May 17, 2020, 2:02 p.m.
  • Length: 3:43

All games in this series

Show
View Real Time Build Order
Export as new Build Order

Serral Zerg - Winner!

Build Orders: Hatch First 

Get SALT Encoding   

  12  0:01  Drone  
  13  0:12  Overlord  
  13  0:16  Drone  
  14  0:31  Drone x2  
  16  0:48  Hatchery  
  15  0:51  Drone  
  15  0:54  Drone  
  17  1:08  Spawning Pool  
  16  1:11  Drone  
  16  1:13  Extractor  
  16  1:16  Drone  
  17  1:20  Drone  
  18  1:28  Drone  
  19  1:55  Zergling x4  
  19  1:59  Queen x2  
  19  2:00  Zergling x4  
  27  2:14  Overlord  
  27  2:19  Drone  
  27  2:22  Drone  
  27  2:26  Drone  
  28  2:33  Drone  
  28  2:36  Drone  
  30  2:43  Drone  
  30  2:44  Overlord  
  31  2:53  Drone  
  31  2:55  Drone  
  33  3:07  Zergling x4  
  33  3:14  Zergling x10  
  33  3:16  Evolution Chamber  
  33  3:17  Evolution Chamber  
  36  3:21  Evolution Chamber  
  36  3:26  Zergling x4  
Show
View Real Time Build Order
Export as new Build Order

AGOElazer Zerg 

Build Orders: Pool First 

Get SALT Encoding   

  12  0:17  Spawning Pool  
  11  0:21  Drone  
  11  0:26  Drone  
  13  0:31  Drone  
  14  0:39  Overlord  
  14  0:58  Extractor  
  14  1:03  Zergling x4  
  15  1:05  Zergling x2  
  16  1:15  Zergling x2  
  17  1:21  Hatchery  
  16  1:26  Zergling x2  
  17  1:38  Zergling x2  
  18  1:47  Queen  
  20  1:59  Metabolic Boost  
  20  2:09  Overlord  
  20  2:20  Zergling x4  
  20  2:21  Zergling x2  
  18  2:33  Zergling x4  
  22  2:49  Zergling x2  
  23  2:51  Zergling x2  
  23  2:57  Zergling x2  
  25  2:59  Zergling x2  
  26  3:06  Zergling x2  
  26  3:10  Zergling x2  
  27  3:13  Zergling x2  
  27  3:14  Zergling x2  
  27  3:16  Zergling x4  
  29  3:26  Zergling x2  
Tags
 
Add a new tag
Caveats
  • Supply blocks, unpowered buildings, or Contaminate may cause inaccurate times.
  • Supply counts are checked every 10 seconds.